 Dungeon Crawl Stone Soup version 0.23-a0-49-gd9f7a49 (webtiles) character file.

27 Gruud the Grave Robber (level 2, -1/19 HPs)
             Began as a Demonspawn Necromancer on Aug 6, 2018.
             Slain by a quokka (3 damage)
             ... on level 2 of the Dungeon.
             The game lasted 00:02:44 (969 turns).

Gruud the Grave Robber (Demonspawn Necromancer)      Turns: 969, Time: 00:02:44

Health: -1/19      AC:  5    Str:  8    XL:     2   Next: 93%
Magic:  0/5        EV: 10    Int: 16    God:
Gold:   61         SH:  0    Dex: 13    Spells: 3/5 levels left

rFire    . . .     SeeInvis .   g - +0 club
rCold    . . .     Gourm    .   (no shield)
rNeg     . . .     Faith    .   h - +0 ring mail (curse)
rPois    .         Spirit   .   (no helmet)
rElec    .         Reflect  .   (no cloak)
rCorr    .         Harm     .   (no gloves)
MR       .....                  (no boots)
Stlth    +.........             (no amulet)
HPRegen  0.06/turn              (no ring)
MPRegen  0.09/turn              (no ring)

@: very slightly contaminated
A: demonic guardian 1
a: no special abilities


You were on level 2 of the Dungeon.
You were not hungry.

You visited 1 branch of the dungeon, and saw 2 of its levels.

You collected 61 gold pieces.

Inventory:

Hand Weapons
 g - a +0 club (weapon)
Armour
 e - a +0 leather armour
 h - a cursed +0 ring mail (worn)
Scrolls
 b - 2 scrolls of teleportation {unknown}
 d - a scroll of remove curse {unknown}
 i - a scroll of identify {unknown}
 k - a scroll of blinking {unknown}
 l - a scroll of immolation {unknown}
 o - a scroll of random uselessness {unknown}
Potions
 a - 2 potions of degeneration {unknown}
 f - a potion of curing {unknown}
 j - a potion of cancellation {unknown}
 m - a potion of lignification {unknown}
 n - a potion of heal wounds {unknown}
Comestibles
 c - 2 rations


   Skills:
 - Level 1.7 Dodging
 - Level 1.7 Stealth
 + Level 2.0 Spellcasting
 * Level 5.4 Necromancy


You had 3 spell levels left.
You knew the following spells:

 Your Spells              Type           Power        Failure   Level  Hunger
a - Pain                  Necr           ###.         7%          1    #......
b - Animate Skeleton      Necr           N/A          7%          1    #......

Your spell library contained the following spells:

 Spells                   Type           Power        Failure   Level  Hunger
 Animate Dead             Necr           N/A          56%         4    #####..
 Vampiric Draining        Necr           ###.......   21%         3    ###....
 Regeneration             Chrm/Necr      ##........   54%         3    ###....


Dungeon Overview and Level Annotations

Branches:
Dungeon (2/15)

Altars:


Innate Abilities, Weirdness & Mutations

A weak demonic guardian rushes to your aid.


Message History

Confirm with . or Enter, or press ? or * to list all spells.
Aiming: Pain (safe; 7% risk of failure)
Press: ? - help, Shift-Dir - straight line, f - hobgoblin
Aim: a hobgoblin, wielding a club (chance to defeat MR: 89%)
The hobgoblin barely resists.
The hobgoblin closely misses you.
Casting: Pain (safe; 7% risk of failure)
Confirm with . or Enter, or press ? or * to list all spells.
Aiming: Pain (safe; 7% risk of failure)
Press: ? - help, Shift-Dir - straight line, f/p - hobgoblin
Aim: a hobgoblin, wielding a club (chance to defeat MR: 89%)
The hobgoblin writhes in agony!
You kill the hobgoblin!
You closely miss the quokka. The quokka closely misses you.
You hit the quokka but do no damage. The quokka bites you.
* * * LOW HITPOINT WARNING * * *
The quokka closely misses you.
You hit the quokka but do no damage.
The quokka bites you but does no damage.
You miss the quokka. The quokka bites you.
You die...

#. .# ##.# #.####.#.# .#
...##.... ... #. .......
.. .. .#...###.# .#
#..=.....# ####)# .#
#..#.##..####....#..##
#.#).#.#......>.........
#..>..r@...# #.<..#
........#.#.<## #...#.#
######.##.#..# .....#
... .....##.##...#
...###.#.### ##.#. #...
#.#.# ....# ..... ..#..
.#..# .... ...#### . .##
..


You could see a quokka.

Vanquished Creatures
  A dart slug (D:1)
  A ball python (D:1)
  A giant cockroach (D:2)
  5 goblins
  5 hobgoblins
  A bat (D:1)
  2 frilled lizards (D:1)
  3 kobolds
  5 rats (D:1)
24 creatures vanquished.

Notes
Turn   | Place    | Note
-------+----------+-------------------------------------------
     0 | D:1      | Gruud the Demonspawn Necromancer began the quest for the Orb.
     0 | D:1      | Reached XP level 1. HP: 13/13 MP: 3/3
     2 | D:1      | Learned a level 1 spell: Animate Skeleton
   269 | D:1      | Gained mutation: A weak demonic guardian rushes to your aid. [demonic ancestry]
   269 | D:1      | Reached XP level 2. HP: 15/19 MP: 3/5
   344 | D:1      | Reached skill level 5 in Necromancy
   969 | D:2      | Slain by a quokka

Vault maps used:
D:1:      lemuel_arrival_rhombus
D:2:      uniq_crazy_yiuf_cottage

Skill      XL: |  1  2 |
---------------+-------+-----
Necromancy     | 5 |  5.4
Dodging        | |  1.7
Stealth        | |  1.7
Spellcasting   | |  2.0

Action                   || total
-------------------------++-------
Melee: Club              ||    37
 Cast: Pain              ||    30
       Animate Skeleton  ||     1
  Eat: Chunk             ||     1
Armor: Ring mail         ||    21
Dodge: Dodged            ||    27

Table legend:
 A = Spawn XP
 B = Non-spawn XP
 C = Spawn XP percentage of total XP
 D = Spawn monster count
 E = Non-spawn monster count
 F = Spawn count percentage of total count
 G = Total turns spent on level
                    A         B        C        D         E        F      G
               +---------+---------+-------+---------+---------+-------+---------
         Total |       0 |      39 |   0.0 |       0 |      24 |   0.0 |   969
               +---------+---------+-------+---------+---------+-------+---------
           D:1 |       0 |      31 |   0.0 |       0 |      20 |   0.0 |   942
           D:2 |       0 |       8 |   0.0 |       0 |       4 |   0.0 |    27
               +---------+---------+-------+---------+---------+-------+---------
